 Dungeon Crawl Stone Soup version 0.29-a0-1016-g236c7fd91e (webtiles) character file.

Game seed: 17664125244026650955

1111 drugrobin the Cleaver (level 7, 0/56 HPs)
             Began as a Demigod Fighter on Aug 10, 2022.
             Slain by a hornet (11 damage)
             ... on level 5 of the Dungeon.
             The game lasted 00:14:50 (6321 turns).

drugrobin the Cleaver (Demigod Fighter)             Turns: 6321, Time: 00:14:51

Health: 0/56       AC: 11    Str: 31    XL:     7   Next: 86%
Magic:  9/9        EV:  9    Int: 10    God:
Gold:   263        SH:  4    Dex: 13    Spells: 6/6 levels left

rFire   + . .      SeeInvis .   a - +0 war axe
rCold   . . .      Faith    .   c - +0 buckler
rNeg    . . .      Spirit   .   f - +0 scale mail {rF+}
rPois   .          Reflect  .   y - +0 helmet
rElec   .          Harm     .   (no cloak)
rCorr   .          Rampage  .   (no gloves)
Will    .....                   (no boots)
Stlth   ..........              (no amulet)
HPRegen 0.18/turn               g - +4 ring of protection
MPRegen 0.11/turn               t - +6 ring of strength

@: lethally poisoned (0 -> -22), about to teleport, slowed, very slow
A: high MP 1, forlorn, divine attributes
a: no special abilities


You were on level 5 of the Dungeon.
You visited 1 branch of the dungeon, and saw 5 of its levels.

You collected 263 gold pieces.

Inventory:

Hand Weapons
 a - a +0 war axe (weapon)
Missiles
 k - 3 poisoned darts (quivered)
Armour
 c - a +0 buckler (worn)
 f - a +0 scale mail of fire resistance (worn)
 y - a +0 helmet (worn)
Jewellery
 g - a +4 ring of protection (left hand)
 t - a +6 ring of strength (right hand)
 B - a +6 ring of dexterity
Scrolls
 b - a scroll of silence {unknown}
 h - 3 scrolls of identify
 i - a scroll of acquirement {unknown}
 l - a scroll of immolation {unknown}
 m - a scroll of vulnerability {unknown}
 v - 5 scrolls of teleportation
 w - a scroll of magic mapping {unknown}
 x - a scroll of blinking {unknown}
 C - a scroll of brand weapon {unknown}
Potions
 d - a potion of might
 j - a potion of ambrosia {unknown}
 n - a potion of flight {unknown}
 o - 6 potions of curing {unknown}
 p - 2 potions of resistance {unknown}
 q - a potion of brilliance {unknown}
 r - a potion of magic {unknown}
 s - 2 potions of heal wounds
 u - a potion of attraction {unknown}
 A - a potion of mutation {unknown}


   Skills:
 - Level 2.6 Fighting
 * Level 9.0 Axes
 - Level 2.6 Armour
 - Level 2.6 Shields


You had 6 spell levels left.
You didn't know any spells.
Your spell library was empty.

Dungeon Overview and Level Annotations

Branches:
Dungeon (5/15)
 Temple: D:4-7

Annotations:
D:2 Sigmund
D:5 Ijyb


Innate Abilities, Weirdness & Mutations

You have an increased reservoir of magic. (+10% MP)
You shall have no god before yourself.
Your divine heritage dramatically boosts your attributes as you level up.


Message History

You feel very sick.
The hornet looks more healthy.
The hornet stings you but does no damage.
You feel very sick. The hornet stings you!
You are lethally poisoned!
You feel yourself slow down. The hornet stings you.
You feel as though you will be slow longer.
You can move again.
Unknown command.
Unknown command.
Unknown command.
Unknown command.
As you read the scroll labelled CUAF IKLEWI, it crumbles to dust.
It is a scroll of identify.
v - 6 scrolls of teleportation
* * * LOW HITPOINT WARNING * * *
You feel extremely sick. The hornet stings you.
* * * LOW HITPOINT WARNING * * *
You are more poisoned.
You feel as though you will be slow longer.
The hornet barely misses you.
Unknown command.
Unknown command.
You feel much better.
You feel extremely sick.
The hornet stings you but does no damage.
The hornet stings you.
You are more poisoned.
You feel as though you will be slow longer.
Unknown command.
Unknown command.
As you read the scroll of teleportation, it crumbles to dust.
You feel strangely unstable.
* * * LOW HITPOINT WARNING * * *
You feel extremely sick.
The hornet stings you but does no damage.
The hornet stings you!
You die...

##.. #....### ... #......# #.(
#.>....### .. ####........# ##(##
............# #..(# #....#O......
#..#####....###.##.. ...#...
##..y.##........###..
.......#.#...@###........#....
#..............#..............
#....####.####................ ##
....###..###................. #.#
....##...#.................. ....
#.............<............
....###......................#...
.............................#...
.......5.....................##..


You could see a hornet.

Vanquished Creatures
  Edmund (D:5)
  2 black bears (D:4)
  An ice beast (D:5)
  An ogre (D:4)
  A necrophage (D:4)
  2 scorpions (D:4)
  A crimson imp (D:3)
  A hound (D:5)
  2 iguanas
  Natasha (thrice) (D:2)
  2 orc wizards (D:4)
  Robin (D:3)
  6 adders
  A shadow imp (D:5)
  An ufetubus (D:3)
  5 dart slugs
  13 orcs
  3 ball pythons
  13 bats
  9 endoplasms
  4 giant cockroaches
  14 goblins
  7 hobgoblins
  4 jackals
  4 kobolds
  5 quokkas
  5 frilled lizards
  A goblin skeleton (D:3)
  2 goblin zombies (D:3)
  3 hobgoblin zombies (D:3)
  A kobold skeleton (D:3)
  2 kobold zombies (D:3)
  2 orc skeletons (D:3)
  8 rats
131 creatures vanquished.

Notes
Turn   | Place    | Note
-------+----------+-------------------------------------------
     0 | D:1      | drugrobin the Demigod Fighter began the quest for the Orb.
     0 | D:1      | Reached XP level 1. HP: 18/18 MP: 3/3
   116 | D:1      | Reached skill level 2 in Axes
   299 | D:1      | Reached XP level 2. HP: 25/25 MP: 4/4
   464 | D:1      | Reached skill level 3 in Axes
   765 | D:1      | Reached XP level 3. HP: 30/30 MP: 5/5
  1273 | D:2      | Reached skill level 4 in Axes
  1355 | D:2      | Noticed Sigmund
  1692 | D:2      | Noticed Natasha
  1707 | D:2      | Killed Natasha
  1708 | D:2      | Reached XP level 4. HP: 32/37 MP: 6/6
  1752 | D:2      | Noticed Natasha
  1763 | D:2      | Killed Natasha
  2144 | D:2      | Noticed Natasha
  2178 | D:2      | Killed Natasha
  2179 | D:2      | Reached skill level 5 in Axes
  2346 | D:3      | Reached XP level 5. HP: 42/42 MP: 7/7
  2916 | D:3      | Noticed Robin
  3337 | D:3      | Killed Robin
  3690 | D:4      | Reached skill level 6 in Axes
  3690 | D:4      | Reached XP level 6. HP: 50/50 MP: 8/8
  4568 | D:4      | Reached skill level 7 in Axes
  4678 | D:4      | Reached XP level 7. HP: 48/56 MP: 9/9
  5390 | D:5      | Entered Level 5 of the Dungeon
  5522 | D:5      | Reached skill level 8 in Axes
  5640 | D:5      | Noticed Edmund
  5663 | D:5      | Killed Edmund
  6016 | D:4      | Reached skill level 9 in Axes
  6307 | D:5      | Noticed a hornet
  6314 | D:5      | Noticed Ijyb
  6316 | D:5      | Paralysed by a hornet for 3 turns
  6321 | D:5      | Slain by a hornet

Illustrated notes

Levels and vault maps discovered:
D:1:      dpeg_arrival_yet_another_circle, layout_loops_ring,
          minmay_heptomino_w4
D:2:      layout_basic, uniq_natasha, uniq_sigmund
D:3:      layout_rooms, nicolae_tso_besieged_by_evil,
          dilly_ecumenical_altar_fadedgnrine, serial_curves, eino_curves_01,
          eino_curves_03, nrook_mini_backslash, uniq_robin
D:4:      layout_layer_cave
D:5:      layout_cave_pools, nemelex_diamond_rough_becter, slow_altar_2,
          kennysheep_nondescript, roderic_roman_lattice, uniq_edmund, uniq_ijyb

Skill      XL: |  1  2  3  4  5  6  7 |
---------------+----------------------+-----
Axes           | 2 3 4 5 6 7 9 |  9.0
Fighting       | |  2.6
Armour         | |  2.6
Shields        | |  2.6

Action                   |  1- 3 |  4- 6 |  7- 9 || total
-------------------------+-------+-------+-------++-------
Melee: War axe           |   127 |   180 |    46 ||   353
Throw: Dart              |     4 |    13 |    21 ||    38
       Boomerang         |     1 |    10 |     3 ||    14
  Use: Scroll            |       |       |     2 ||     2
       Potion            |       |       |     2 ||     2
Armor: Scale mail        |    58 |    77 |    26 ||   161
Dodge: Dodged            |    76 |    74 |    17 ||   167
Block: Buckler           |    21 |    39 |     9 ||    69

Table legend: (Time is in decaauts)
 A = Elapsed time spent in this place.
 B = Non-inter-level travel time spent in this place.
 C = Inter-level travel time spent in this place.
 D = Time resting spent in this place.
 E = Time spent auto-exploring this place.
 F = Levels seen in this place.
 G = Mean time per level.
                   A        B        C        D        E       F      G
               +--------+--------+--------+--------+--------+-----+--------+
         Total |   6449 |   6138 |    311 |    633 |   3510 |   5 | 1289.8 |
       Dungeon |   6449 |   6138 |    311 |    633 |   3510 |   5 | 1289.8 |
               +--------+--------+--------+--------+--------+-----+--------+

Top non-repeatable levels by time:
     D:4: 2076 daAuts
     D:2: 1406 daAuts
     D:1: 1245 daAuts
     D:3: 1131 daAuts
     D:5: 589 daAuts
